 Dungeon Crawl Stone Soup version 0.21-a0-476-gd103f4b (console) character file.

92 hexaflexagon the Cudgeler (level 4, -1/35 HPs)
             Began as a Formicid Monk on Nov 22, 2017.
             Slain by a gnoll (7 damage)
             ... on level 1 of the Dungeon.
             The game lasted 00:03:06 (2509 turns).

hexaflexagon the Cudgeler (Formicid Monk)           Turns: 2509, Time: 00:03:06

Health: -1/35      AC:  2    Str: 17    XL:     4   Next: 90%
Magic:  4/4        EV: 13    Int:  9    God:
Gold:   61         SH:  0    Dex: 13    Spells: 3/3 levels left

rFire    . . .     SeeInvis +   a - +0 mace
rCold    . . .     Gourm    .   (no shield)
rNeg     . . .     Faith    .   b - +0 robe
rPois    .         Spirit   .   (helmet unavailable)
rElec    .         Reflect  .   (no cloak)
rCorr    .         Harm     .   (no gloves)
MR       .....                  (no boots)
Stlth    ++........             (no amulet)
HPRegen  0.11/turn              (no ring)
MPRegen  0.09/turn              (no ring)

@: no status effects
A: permanent stasis, dig shafts and tunnels, four strong arms, antennae 3
a: Dig, Shaft Self


You were on level 1 of the Dungeon.
You were not hungry.

You visited 1 branch of the dungeon, and saw 2 of its levels.

You collected 61 gold pieces.

Inventory:

Hand Weapons
 a - a +0 mace (weapon)
Armour
 b - a +0 robe (worn)
 j - a +0 ring mail
Wands
 k - a wand of digging (7)
Scrolls
 e - 3 scrolls of remove curse {unknown}
 f - 4 scrolls of identify {unknown}
 i - a scroll of amnesia {unknown}
 l - a scroll of teleportation {unknown}
 m - a scroll of blinking {unknown}
Potions
 g - 4 potions of curing
Comestibles
 c - 2 bread rations
 h - a meat ration


   Skills:
 - Level 3.2 Fighting
 + Level 5.2 Maces & Flails
 - Level 2.6 Dodging
 - Level 2.4 Stealth


You had 3 spell levels left.
You didn't know any spells.

Dungeon Overview and Level Annotations

Branches:
Dungeon (2/15)

Altars:


Innate Abilities, Weirdness & Mutations

You cannot be hasted, slowed, berserked, paralysed or teleported.
You can dig through walls and to a lower floor.
Your four strong arms can wield two-handed weapons with a shield.
You have a pair of large antennae on your head. (SInv)


Message History

The gnoll is lightly wounded.
The gnoll hits you.
You hit the gnoll.
The gnoll is heavily wounded.
The gnoll barely misses you.
You hit the gnoll but do no damage.
The gnoll is heavily wounded.
The gnoll closely misses you. The gnoll hits you.
* * * LOW HITPOINT WARNING * * *
You closely miss the gnoll.
The gnoll is heavily wounded.
The gnoll hits you.
* * * LOW HITPOINT WARNING * * *
You hit the gnoll.
The gnoll is almost dead.
The gnoll hits you.
* * * LOW HITPOINT WARNING * * *
Okay, then.
It was a potion of curing.
You feel better. The gnoll hits you!
You die...

......######........## #..#
..##.....#...........## ##.##
.....###......#.......# #..#
....#####.....#.....#.###.##
....#..........###.##..#..#
.)....###....#..##.###.#.##
..>................#.....##
..........##....g.........##
...##...........@.....)....#
..###.#.#.#......).........#
......#...#................#
..######...................#
....###..#.................#
.##...#.###................#
..........................##
.......#####......##.....#######
......## #.#######.#.........#


You could see a gnoll.

Vanquished Creatures
  4 adders
  An ooze (D:1)
  A dart slug (D:1)
  A leopard gecko (D:1)
  7 bats (D:1)
  2 giant cockroaches
  6 goblins
  8 hobgoblins
  2 jackals (D:1)
  4 frilled lizards
  7 kobolds
  2 rats
45 creatures vanquished.

Notes
Turn   | Place    | Note
-------+----------+-------------------------------------------
     0 | D:1      | hexaflexagon the Formicid Monk began the quest for the Orb.
     0 | D:1      | Reached XP level 1. HP: 18/18 MP: 1/1
   250 | D:1      | Reached XP level 2. HP: 24/24 MP: 2/2
   487 | D:1      | Reached skill level 4 in Maces & Flails
   487 | D:1      | Reached XP level 3. HP: 29/29 MP: 3/3
  1172 | D:1      | Reached XP level 4. HP: 17/35 MP: 4/4
  1833 | D:2      | Reached skill level 5 in Maces & Flails
  2508 | D:1      | HP: 1/35 [gnoll (4)]
  2509 | D:1      | Slain by a gnoll

Vault maps used:
D:1:      minmay_arrival_checkered_box, interstate_on_off,
          grunt_decor_mini_mirrors

Skill      XL: |  1  2  3  4 |
---------------+-------------+-----
Maces & Flails | 4 5 |  5.2
Fighting       | |  3.2
Dodging        | |  2.6
Stealth        | |  2.4

Action                   |  1- 3 |  4- 6 || total
-------------------------+-------+-------++-------
Melee: Mace              |    95 |    68 ||   163
  Use: Potion            |       |     1 ||     1
 Stab: Sleeping          |     1 |       ||     1
  Eat: Chunk             |       |     5 ||     5
Armor: Robe              |    21 |     8 ||    29
Dodge: Dodged            |   100 |    63 ||   163

Table legend:
 A = Spawn XP
 B = Non-spawn XP
 C = Spawn XP percentage of total XP
 D = Spawn monster count
 E = Non-spawn monster count
 F = Spawn count percentage of total count
 G = Total turns spent on level
                    A         B        C        D         E        F      G
               +---------+---------+-------+---------+---------+-------+---------
         Total |       0 |     132 |   0.0 |       0 |      45 |   0.0 |  2509
               +---------+---------+-------+---------+---------+-------+---------
           D:1 |       0 |      92 |   0.0 |       0 |      33 |   0.0 |  1768
           D:2 |       0 |      40 |   0.0 |       0 |      12 |   0.0 |   741
               +---------+---------+-------+---------+---------+-------+---------
